 Dungeon Crawl Stone Soup version 0.20.1-1-g8b1a95d (webtiles) character file.

18 slep the Magician (level 2, 0/28 HPs)
             Began as a Demonspawn Wanderer on Oct 22, 2017.
             Succumbed to a kobold's poison
             ... on level 1 of the Dungeon.
             The game lasted 00:01:37 (126 turns).

slep the Magician (Demonspawn Wanderer)              Turns: 126, Time: 00:01:37

Health: 0/28       AC: 21    Str: 11    XL:     2   Next: 48%
Magic:  6/6        EV:  2    Int: 14    God:
Gold:   22         SH:  0    Dex: 12    Spells: 8/8 levels left

rFire    . . .     SeeInvis .   b - +0 falchion
rCold    . . .     Gourm    .   (no shield)
rNeg     + + +     Faith    .   (armour currently unavailable)
rPois    +         Spirit   .   (helmet currently unavailable)
rElec    .         Reflect  .   (cloak currently unavailable)
rCorr    .         Harm     .   (gloves currently unavailable)
MR       .....     NoTele   +   (boots currently unavailable)
Stlth    ++........             (no amulet)
Regen    0.1/turn               (no ring)
MPRegen  0.1/turn               (no ring)

@: lethally poisoned (0 -> -4), tree-form (expiring)
A: powered by pain 1
a: no special abilities


You were on level 1 of the Dungeon.
You were not hungry.
You were a tree.
You visited 1 branch of the dungeon, and saw 1 of its levels.

You collected 22 gold pieces.

Inventory:

Hand Weapons
 b - a +0 falchion (weapon)
 d - a +0 blowgun
Missiles
 c - 12 poisoned needles
Armour
 e - a +0 robe (melded)
Books
 a - a book of Minor Magic

   Spells                             Type                      Level
   a - Magic Dart                     Conjuration                  1
   b - Blink                          Translocation                2
   c - Call Imp                       Summoning                    2
   d - Slow                           Hexes                        2
   e - Conjure Flame                  Conjuration/Fire             3
   f - Mephitic Cloud                 Conjuration/Poison/Air       3
Comestibles
 f - a bread ration


   Skills:
 + Level 1.0 Throwing
 + Level 2.0 Dodging
 + Level 1.0 Stealth
   Level 1.0 Shields
 + Level 3.5 Spellcasting
   Level 1.7 Fire Magic


You had 8 spell levels left.
You didn't know any spells.

Dungeon Overview and Level Annotations

Branches:
Dungeon (1/15)

Altars:


Innate Abilities, Weirdness & Mutations

You sometimes gain a little power by taking damage.


Message History

You kill the leopard gecko!
* * * LOW HITPOINT WARNING * * *
You feel sick.
You completely miss the rat. The rat bites you but does no damage.
You closely miss the rat.
* * * LOW HITPOINT WARNING * * *
You feel sick. The rat barely misses you.
You closely miss the rat.
* * * LOW HITPOINT WARNING * * *
You feel sick. The rat completely misses you.
The rat bites you but does no damage.
You closely miss the rat. The rat bites you but does no damage.
You hit the rat but do no damage.
Your transformation is almost over.
* * * LOW HITPOINT WARNING * * *
You feel sick. The rat bites you but does no damage.
You hit the rat but do no damage.
The rat bites you but does no damage. x2
You closely miss the rat. The rat bites you but does no damage.
You barely miss the rat.
You die...

........# #(############
..## #...[...# ...#
#.......# .#.###.......#
.#..##.......# ####
.##.##.......# .....
.##..#..()...#####......
........?......r♣..)....
.###..........####......
# ##.........# .....
#..######.# .... ....#
#.# ..( ...).. #.# $.
....#.# #.# # ....#.#
#.#


You could see a rat.

Vanquished Creatures
  An ooze (D:1)
  A dart slug (D:1)
  A leopard gecko (D:1)
  A giant cockroach (D:1)
  3 hobgoblins (D:1)
  2 bats (D:1)
  A kobold (D:1)
  A rat (D:1)
11 creatures vanquished.

Notes
Turn   | Place    | Note
-------+----------+-------------------------------------------
     0 | D:1      | slep the Demonspawn Wanderer began the quest for the Orb.
     0 | D:1      | slep set off with: a book of Minor Magic, a +0 falchion, 12 poisoned needles, a +0 blowgun, a +0 robe, a bread ration
     0 | D:1      | Reached XP level 1. HP: 13/13 MP: 4/4
    53 | D:1      | Gained mutation: You sometimes gain a little power by taking damage. [demonic ancestry]
    53 | D:1      | Reached XP level 2. HP: 16/19 MP: 6/6
   123 | D:1      | HP: 1/28 [poisoned by a kobold]
   126 | D:1      | Succumbed to a kobold's poison

Skill      XL: |  1 |
---------------+----+-----
Dodging        | 2 |  2.0
Throwing       | |  1.0
Stealth        | |  1.0
Shields        | |  1.0
Spellcasting   | |  3.5
Fire Magic     | |  1.7

Action                   || total
-------------------------++-------
Melee: Falchion          ||    33
  Use: Potion            ||     1
Armor: Robe              ||     7
       Skin              ||     9
Dodge: Dodged            ||    23
       Rpst.: Falchion   ||     8
